 Dungeon Crawl Stone Soup version 0.25-a0-85-g7617fd2 (webtiles) character file.

Game seed: 9243011150555439704, levelgen mode: deterministic

107489 BeowulfAlex the Earth Mage (level 16, -9/97 HPs)
             Began as a Gargoyle Earth Elementalist on Nov 9, 2019.
             Was the Champion of Vehumet.
             Mangled by a naga warrior
             ... wielding a +0 long sword
              (19 damage)
             ... on level 1 of the Snake Pit.
             The game lasted 02:29:22 (32563 turns).

BeowulfAlex the Earth Mage (GrEE)                  Turns: 32563, Time: 02:29:22

Health: -9/97      AC: 22    Str: 16    XL:     16   Next: 47%
Magic:  3/33       EV:  7    Int: 24    God:    Vehumet [******]
Gold:   1477       SH: 11    Dex: 12    Spells: 15/41 levels left

rFire    + . .     SeeInvis +   f - +2 flail (protect)
rCold    + . .     Gourm    .   z - +2 shield {rF+}
rNeg     + . .     Faith    .   U - +0 troll leather armour
rPois    ∞         Spirit   .   u - +0 hat {SInv}
rElec    +         Reflect  .   k - +0 cloak
rCorr    +         Harm     .   w - +2 pair of gloves "Ysomai Qyni" {Int+3}
MR       ++...                  g - +0 pair of boots "Dyoh" {Str+2}
Stlth    ++........             (no amulet)
HPRegen  0.66/turn              s - ring of resist corrosion
MPRegen  0.23/turn              N - ring of protection from cold

@: flying, constricted
A: big wings, agile 1, magic resistance 1, negative energy resistance 1,
electricity resistance, unbreathing, petrification resistance, rot immunity, AC
+12
a: Stop Flying, Renounce Religion


You were on level 1 of the Snake Pit.
You worshipped Vehumet.
Vehumet was exalted by your worship.
You were near starving.

You visited 5 branches of the dungeon, and saw 25 of its levels.
You also visited: Ice Cave.

You collected 2491 gold pieces.
You spent 1014 gold pieces at shops.

Inventory:

Hand Weapons
 f - a +2 flail of protection (weapon)
 n - a +2 flail of holy wrath
 K - a +4 morningstar
Missiles
 c - 21 boomerangs
 q - 37 poisoned darts (quivered)
 Q - 8 javelins
 V - 2 silver boomerangs
 Z - 24 stones
Armour
 g - the +0 pair of boots "Dyoh" (worn) {Str+2}
   (You found it in an ice cave)

   It affects your strength (+2).
 j - a +0 crystal plate armour of cold resistance
 k - a +0 cloak (worn)
 u - a +0 hat of see invisible (worn)
 w - the +2 pair of gloves "Ysomai Qyni" (worn) {Int+3}
   (You found it on level 12 of the Dungeon)

   It affects your intelligence (+3).
 y - a +1 hat of magic resistance
 z - a +2 shield of fire resistance (worn)
 D - the +1 chain mail of the Dropbear {rC+ Regen+ Str-3 Int+4}
   (You bought it in a shop on level 2 of the Orcish Mines)

   It affects your strength (-3).
   It affects your intelligence (+4).
   It protects you from cold.
   It increases your rate of regeneration.
 F - a +0 ring mail of fire resistance
 R - a +0 scale mail of positive energy
 U - a +0 troll leather armour (worn)
Jewellery
 s - a ring of resist corrosion (left hand)
 L - an uncursed ring of protection from magic
 N - a ring of protection from cold (right hand)
Wands
 E - a wand of iceblast (16)
 G - a wand of acid (4)
 M - a wand of digging (3)
Scrolls
 a - 6 scrolls of teleportation
 b - a scroll of summoning
 i - a scroll of random uselessness {unknown}
 l - 6 scrolls of enchant weapon
 m - 4 scrolls of amnesia
 o - 3 scrolls of fear
 p - 9 scrolls of remove curse
 r - 2 scrolls of enchant armour
 v - 7 scrolls of blinking
 C - a scroll of magic mapping
 H - 2 scrolls of vulnerability {unknown}
 I - a scroll of holy word {unknown}
 T - 2 scrolls of fog
Potions
 e - 9 potions of curing
 h - a potion of ambrosia {unknown}
 t - a potion of might
 x - 2 potions of mutation
 A - 3 potions of agility
 B - 3 potions of heal wounds
 J - a potion of lignification {unknown}
 O - a potion of berserk rage
 P - 4 potions of magic
 S - 2 potions of brilliance
 W - 5 potions of haste
 X - a potion of cancellation {unknown}
Miscellaneous
 Y - a phial of floods
Comestibles
 d - 27 rations


   Skills:
 + Level 10.0 Fighting
 + Level 9.2 Maces & Flails
 + Level 6.0 Armour
 - Level 2.2 Dodging
 - Level 2.1 Stealth
 + Level 5.0 Shields
 * Level 13.4 Spellcasting
 * Level 14.2 Conjurations
   Level 0.7 Transmutations
 + Level 5.3 Fire Magic
 * Level 16.9 Earth Magic


You had 15 spell levels left.
You knew the following spells:

 Your Spells              Type           Power        Failure   Level  Hunger
b - Stone Arrow           Conj/Erth      ######       1%          3    None
c - Lee's Rapid Deconstr  Erth           #######...   1%          5    ###....
d - Iron Shot             Conj/Erth      ######....   1%          6    #####..
e - Bolt of Magma         Conj/Fire/Erth ######....   1%          5    ###....
f - Orb of Destruction    Conj           ######....   11%         7    ######.

Your spell library contained the following spells:

 Spells                   Type           Power        Failure   Level  Hunger
 Bolt of Fire             Conj/Fire      ######....   12%         6    #####..
 Sandblast                Erth           ######       0%          1    None
 Passwall                 Tmut/Erth      ######..     1%          2    None
 Static Discharge         Conj/Air       ######..     1%          3    None
 Petrify                  Tmut/Erth      ######..     4%          4    None
 Lightning Bolt           Conj/Air       ######....   7%          5    ###....
 Animate Skeleton         Necr           N/A          16%         1    None
 Apportation              Tloc           ###...       16%         1    None
 Confusing Touch          Hex            ###...       16%         1    None
 Infusion                 Chrm           ###.         16%         1    None
 Summon Small Mammal      Summ           ###.         16%         1    None
 Shroud of Golubria       Chrm/Tloc      ###...       24%         2    None
 Song of Slaying          Chrm           ###.....     24%         2    None
 Regeneration             Chrm/Necr      ###.......   43%         3    None
 Spectral Weapon          Hex/Chrm       ###.....     43%         3    None
 Shatter                  Erth           #######...   97%         9    #######
 Ignition                 Fire           #####.....   100%        8    #######
 Tornado                  Air            ###.......   100%        9    #######


Dungeon Overview and Level Annotations

Branches:
Dungeon (15/15)            Temple (1/1) D:7            Lair (6/6) D:9
  Swamp (0/4) Lair:2        Snake (1/4) Lair:4        Slime (0/5) Lair:5
    Orc (2/2) D:10            Elf (0/3) Orc:2        Vaults (0/5) D:14
 Depths (0/5) D:15          IceCv (visited)

Altars:
Ashenzari
Cheibriados
Dithmenos
Elyvilon
Fedhas
Gozag
Hepliaklqana
Kikubaaqudgha
Makhleb
Nemelex Xobeh
Okawaru
Qazlal
Ru
Sif Muna
Trog
Uskayaw
Vehumet
Wu Jian
Xom
Yredelemnul
Zin
The Shining One
Beogh

Shops:
D:11 ?   D:15 *   Orc:2 [}=:

Annotations:
Lair:2 2 transporters, Woatraot's ghost, journeyman MiFi


Innate Abilities, Weirdness & Mutations

You are resistant to torment.
Your stone body is resilient. (AC +12)
You are immune to poison.
Your large and strong wings let you fly indefinitely.
You resist negative energy. (rN+)
You are resistant to electric shocks. (rElec)
You can survive without breathing.
You are immune to petrification.
You are immune to rotting.
You are agile. (Dex +2)
You are resistant to hostile enchantments. (MR+)


Message History

The naga warrior spits poison at you. You block the splash of poison.
The naga warrior constricts you.
You barely miss the naga warrior.
The naga warrior is almost dead.
The naga warrior hits you but does no damage.
The naga warrior constricts you.
You closely miss the naga warrior.
The naga warrior is almost dead.
The naga warrior barely misses you.
* * * LOW HITPOINT WARNING * * *
The naga warrior constricts you.
You closely miss the naga warrior.
The naga warrior is almost dead.
The naga warrior closely misses you.
* * * LOW HITPOINT WARNING * * *
The naga warrior constricts you.
You barely miss the naga warrior.
The naga warrior is almost dead.
The naga warrior hits you with a +0 long sword!!
You die...

...# ...# ...#
#+# ...# ##.#
...# #..# ...#
#..##N..#
#..†@...#
##..##)..#
############..)#
...#
.......##......#
...#
........+......#
####
#.############.#
#'############'#
.......##......#
.......'.......+


You could see a naga warrior.

Vanquished Creatures
  Gastronok (D:11)
  Nessos (Lair:6)
  5 vault guards (D:14)
  A rakshasa (D:15)
  A yaktaur captain (D:15)
  5 hydras
  A merfolk avatar (Lair:6)
  4 centaur warriors
  5 two-headed ogres
  2 anacondas (Snake:1)
  5 death yaks
  2 ogre magi
  2 orc high priests (Orc:2)
  Urug (Lair:1)
  3 unseen horrors
  A wizard (D:15)
  3 naga ritualists (Snake:1)
  A glowing orange brain (D:15)
  A lindwurm (shapeshifter) (D:15)
  4 orc sorcerers (Orc:2)
  3 harpies (Lair:6)
  2 necromancers
  4 oklob plants (Lair:1)
  2 orc knights (D:15)
  7 ugly things
  A manticore (D:12)
  9 elephants
  A salamander (Snake:1)
  3 cyclopes
  Joseph (Lair:1)
  A torpor snail (Lair:6)
  2 ice statues (IceCv)
  11 black mambas (Snake:1)
  4 naga magi (Snake:1)
  6 spiny frogs
  4 gargoyles
  11 komodo dragons
  5 yaktaurs (D:15)
  7 rime drakes
  2 efreet (D:13)
  A kobold demonologist (D:13)
  10 ice devils (IceCv)
  A wind drake (Lair:6)
  7 trolls
  2 tengu conjurers
  3 hornets
  7 polar bears
  A blink frog (shapeshifter) (D:13)
  21 blink frogs
  2 slime creatures (D:15)
  12 hippogriffs
  7 wyverns
  A wyvern (shapeshifter) (D:15)
  A spriggan (D:7)
  2 shadows (D:15)
  69 yaks
  A human (shapeshifter) (D:15)
  3 hungry ghosts
  Grum (D:8)
  8 basilisks
  6 nagas
  7 wargs
  2 soldier ants
  13 water moccasins
  31 orc warriors
  12 porcupines
  4 ice beasts
  A hornet zombie (D:13)
  A swamp drake (Lair:2)
  2 sky beasts
  2 black bears
  6 phantoms
  An elephant zombie (Lair:4)
  9 boggarts (D:15)
  2 necrophages
  13 ogres
  5 wolves
  14 centaurs
  15 crocodiles
  2 komodo dragon zombies (Lair:4)
  2 gnoll sergeants
  16 bullfrogs
  A water moccasin zombie (D:11)
  3 scorpions
  A wyvern skeleton (D:8)
  22 killer bees
  16 wights
  3 electric eels (Lair:1)
  4 howler monkeys
  7 crimson imps
  A quasit (D:11)
  5 bullfrog zombies
  12 jellies
  A hound (D:10)
  2 centaur zombies (D:12)
  5 bullfrog skeletons
  32 orc priests
  44 orc wizards
  5 centaur skeletons
  A gnoll shaman (D:6)
  Ijyb (D:3)
  7 iguanas
  12 worker ants
  A killer bee zombie (D:10)
  A polar bear simulacrum (Lair:3)
  3 yak simulacra (Lair:3)
  4 wolf simulacra (Lair:3)
  A crocodile zombie (Lair:4)
  2 hound zombies
  A worker ant zombie (D:5)
  17 gnolls
  7 adders
  A shadow imp (D:15)
  6 white imps (IceCv)
  6 ufetubi (IceCv)
  2 oozes
  2 worms (D:2)
  3 dart slugs
  6 leopard geckos
  85 orcs
  2 giant cockroaches
  7 goblins
  7 hobgoblins
  12 jackals
  5 kobolds
  9 quokkas
  A ball python (D:2)
  13 bats
  5 frilled lizards
  A leopard gecko skeleton (D:5)
  6 rats
  3 river rat simulacra (Lair:3)
  A fungus (Lair:6)
  A plant (Lair:1)
867 creatures vanquished.

Vanquished Creatures (collateral kills)
  An ice devil (IceCv)
1 creature vanquished.

Vanquished Creatures (others)
  A reaper (IceCv)
  3 white imps (IceCv)
  3 ufetubi (IceCv)
  2 orcs
  13 fungi
  66 plants
88 creatures vanquished.

Grand Total: 956 creatures vanquished

Notes
Turn   | Place    | Note
-------+----------+-------------------------------------------
     0 | D:1      | BeowulfAlex the Gargoyle Earth Elementalist began the quest
                  | for the Orb.
     0 | D:1      | Reached XP level 1. HP: 10/10 MP: 3/3
   339 | D:1      | Reached XP level 2. HP: 15/15 MP: 5/5
   363 | D:1      | Reached skill level 4 in Earth Magic
  1270 | D:2      | Found an iron altar of Okawaru.
  1272 | D:2      | Found an ornate altar of the Wu Jian Council.
  1272 | D:2      | Found an opulent altar of Gozag.
  1274 | D:2      | Found a glowing silver altar of Zin.
  1274 | D:2      | Found a shimmering altar of Xom.
  1274 | D:2      | Found a shimmering altar of Xom.
  1343 | D:2      | Reached XP level 3. HP: 7/19 MP: 4/7
  2292 | D:3      | Found a hide-covered altar of Uskayaw.
  2294 | D:3      | Reached XP level 4. HP: 14/24 MP: 5/8
  2302 | D:3      | Reached skill level 5 in Earth Magic
  2768 | D:3      | Reached XP level 5. HP: 24/28 MP: 6/10
  2785 | D:3      | Noticed Ijyb
  2791 | D:3      | Killed Ijyb
  2864 | D:3      | Learned a level 3 spell: Stone Arrow
  2870 | D:3      | Learned a level 5 spell: Lee's Rapid Deconstruction
  2925 | D:4      | Reached skill level 1 in Conjurations
  2984 | D:4      | Found a shimmering blue altar of Sif Muna.
  3007 | D:4      | Reached XP level 6. HP: 32/32 MP: 8/12
  3190 | D:4      | Reached skill level 6 in Earth Magic
  4048 | D:5      | Entered Level 5 of the Dungeon
  4143 | D:5      | Found a hazy altar of Hepliaklqana.
  4159 | D:5      | Reached XP level 7. HP: 36/36 MP: 10/13
  4306 | D:5      | Reached skill level 7 in Earth Magic
  4475 | D:5      | Reached skill level 5 in Spellcasting
  4559 | D:5      | Found an ancient bone altar of Kikubaaqudgha.
  4958 | D:6      | Reached XP level 8. HP: 41/41 MP: 14/16
  5074 | D:6      | Found a white marble altar of Elyvilon.
  5120 | D:6      | Reached skill level 8 in Earth Magic
  5124 | D:6      | Reached skill level 5 in Conjurations
  5452 | D:6      | Found a radiant altar of Vehumet.
  5457 | D:6      | Became a worshipper of Vehumet
  5667 | D:6      | Found a basalt altar of Yredelemnul.
  5680 | D:6      | Reached XP level 9. HP: 36/45 MP: 18/18
  5873 | D:7      | Reached skill level 9 in Earth Magic
  6261 | D:7      | Reached * piety under Vehumet
  6261 | D:7      | Offered knowledge of Magic Dart by Vehumet.
  6515 | D:7      | Found a staircase to the Ecumenical Temple.
  6536 | Temple   | Entered the Ecumenical Temple
  6735 | D:7      | Found a glowing silver altar of Zin.
  6842 | D:8      | Noticed Grum
  6857 | D:7      | Reached skill level 1 in Fighting
  7041 | D:8      | Noticed a two-headed ogre
  7055 | D:8      | Killed a two-headed ogre
  7055 | D:8      | Reached skill level 1 in Maces & Flails
  7055 | D:8      | Reached skill level 10 in Earth Magic
  7055 | D:8      | Reached XP level 10. HP: 20/53 MP: 15/21
  7061 | D:8      | Killed Grum
  7423 | D:8      | Offered knowledge of Throw Frost by Vehumet.
  7502 | D:8      | Reached ** piety under Vehumet
  7995 | D:8      | Found a blossoming altar of Fedhas.
  8147 | D:9      | Found a staircase to the Lair.
  8538 | D:9      | Reached skill level 11 in Earth Magic
  8571 | D:9      | Offered knowledge of Conjure Flame by Vehumet.
  8763 | D:9      | Found a sacrificial altar of Ru.
  8763 | D:9      | Found a shadowy altar of Dithmenos.
  8763 | D:9      | Found a glowing golden altar of the Shining One.
  8892 | D:10     | Entered Level 10 of the Dungeon
  8987 | D:10     | Noticed a brown ugly thing
  9082 | Lair:1   | Entered Level 1 of the Lair of Beasts
  9093 | Lair:1   | You fall into a shaft and drop 1 floor!
  9138 | Lair:2   | Reached XP level 11. HP: 60/60 MP: 20/23
  9143 | Lair:2   | Found a staircase to the Swamp.
  9265 | Lair:1   | Reached *** piety under Vehumet
  9422 | Lair:1   | Noticed Urug
  9660 | Lair:2   | Found a transporter.
  9664 | Lair:2   | Found a transporter.
  9664 | Lair:2   | Noticed Woatraot's ghost (journeyman MiFi)
  9708 | Lair:2   | HP: 3/61 [komodo dragon (24)]
  9729 | Lair:2   | Reached skill level 1 in Armour
 10273 | Lair:1   | Noticed Joseph
 10330 | Lair:1   | Offered knowledge of Olgreb's Toxic Radiance by Vehumet.
 10509 | Lair:1   | Killed Urug
 10759 | Lair:1   | Reached skill level 12 in Earth Magic
 10852 | Lair:1   | Reached skill level 10 in Conjurations
 11715 | Lair:1   | Killed Joseph
 11894 | Lair:1   | Noticed an oklob plant
 11894 | Lair:1   | Noticed an oklob plant
 11898 | Lair:1   | Noticed an oklob plant
 12167 | Lair:1   | Killed an oklob plant
 12167 | Lair:1   | Reached skill level 5 in Fighting
 12893 | Lair:3   | Reached XP level 12. HP: 45/68 MP: 0/25
 13535 | Lair:3   | Reached **** piety under Vehumet
 13543 | Lair:3   | Reached skill level 5 in Maces & Flails
 13844 | Lair:3   | Reached skill level 10 in Spellcasting
 13906 | Lair:3   | Offered knowledge of Iskenderun's Mystic Blast by Vehumet.
 14644 | Lair:4   | Found a staircase to the Snake Pit.
 14768 | Lair:4   | Reached skill level 13 in Earth Magic
 15295 | Lair:4   | Noticed a six-headed hydra
 15635 | Lair:4   | You fall into a shaft and drop 2 floors!
 15635 | Lair:6   | Entered Level 6 of the Lair of Beasts
 15636 | Lair:6   | Noticed Nessos
 15662 | Lair:6   | Killed Nessos
 15809 | Lair:5   | Reached ***** piety under Vehumet
 15809 | Lair:5   | Offered knowledge of Iron Shot by Vehumet.
 15851 | Lair:5   | Learned a level 6 spell: Iron Shot
 15953 | Lair:5   | Reached XP level 13. HP: 62/75 MP: 25/27
 16908 | Lair:6   | Reached skill level 14 in Earth Magic
 16972 | Lair:6   | HP: 3/76 [wind drake (2)]
 18393 | Lair:5   | Found a staircase to the Slime Pits.
 18787 | Lair:5   | Gained mutation: Your large and strong wings let you fly
                  | indefinitely. [Gargoyle growth]
 18787 | Lair:5   | Reached XP level 14. HP: 38/83 MP: 2/29
 18960 | Lair:5   | Offered knowledge of Bolt of Magma by Vehumet.
 18967 | Lair:5   | Learned a level 5 spell: Bolt of Magma
 19372 | Lair:6   | Reached skill level 15 in Earth Magic
 19519 | Lair:6   | Reached skill level 1 in Fire Magic
 20138 | Lair:6   | Found the +7 Spriggan's Knife {stab, EV+4 Stlth+}
 21400 | D:10     | Found a staircase to the Orcish Mines.
 21541 | D:10     | Gained mutation: You are occasionally teleported next to
                  | monsters. [potion of mutation]
 21541 | D:10     | Gained mutation: You are partially covered in large bone
                  | plates. (SH +4) [potion of mutation]
 21541 | D:10     | Gained mutation: You have a pair of small horns on your
                  | head. [potion of mutation]
 21541 | D:10     | Gained mutation: Your muscles are strong. (Str +2) [potion
                  | of mutation]
 21542 | D:10     | Lost mutation: You are occasionally teleported next to
                  | monsters. [potion of mutation]
 21542 | D:10     | Lost mutation: Your muscles are strong. (Str +2) [potion of
                  | mutation]
 21542 | D:10     | Lost mutation: You are partially covered in large bone
                  | plates. (SH +4) [potion of mutation]
 21542 | D:10     | Lost mutation: You have a pair of small horns on your head.
                  | [potion of mutation]
 21542 | D:10     | Gained mutation: You are agile. (Dex +2) [potion of
                  | mutation]
 21542 | D:10     | Gained mutation: You are resistant to hostile enchantments.
                  | (MR+) [potion of mutation]
 22377 | Orc:1    | Entered Level 1 of the Orcish Mines
 22534 | Orc:1    | Found a roughly hewn altar of Beogh.
 22892 | Orc:2    | Entered Level 2 of the Orcish Mines
 23127 | Orc:2    | Found a frozen archway.
 23134 | Orc:2    | Reached skill level 1 in Shields
 23166 | IceCv    | Entered an ice cave
 23233 | IceCv    | Offered knowledge of Orb of Destruction by Vehumet.
 23254 | IceCv    | Learned a level 7 spell: Orb of Destruction
 23385 | IceCv    | Killed a reaper
 23421 | IceCv    | Got a pair of pitted boots
 23445 | IceCv    | Identified the cursed +0 pair of boots "Dyoh" {Str+2} (You
                  | found it in an ice cave)
 24160 | Orc:2    | Noticed an orc warlord
 24814 | Orc:2    | Offered knowledge of Bolt of Cold by Vehumet.
 25009 | Orc:2    | Reached XP level 15. HP: 84/90 MP: 1/31
 25074 | Orc:2    | Found Guphoe's Jewellery Shoppe.
 25075 | Orc:2    | Found Seegav's Armour Emporium.
 25083 | Orc:2    | Found Gusycimp's Book Shoppe.
 25083 | Orc:2    | Found Xynauzimp's Gadget Emporium.
 25190 | Orc:2    | Bought the +1 chain mail of the Dropbear {rC+ Regen+ Str-3
                  | Int+4} for 332 gold pieces
 25386 | Orc:2    | Found a staircase to the Elven Halls.
 26329 | D:11     | Noticed Gastronok
 26353 | D:11     | Killed Gastronok
 26512 | D:11     | Offered knowledge of Ozocubu's Refrigeration by Vehumet.
 26659 | D:11     | Found Zoitext's Magic Scroll Boutique.
 26681 | D:11     | Bought a scroll of teleportation for 39 gold pieces
 26681 | D:11     | Bought a scroll of fog for 26 gold pieces
 26681 | D:11     | Bought a scroll of blinking for 97 gold pieces
 26743 | D:11     | Reached skill level 16 in Earth Magic
 27692 | D:12     | Got a pair of bloodstained gloves
 27704 | D:12     | Identified the +2 pair of gloves "Ysomai Qyni" {Int+3} (You
                  | found it on level 12 of the Dungeon)
 28829 | D:13     | Found a shattered altar of Ashenzari.
 29577 | D:14     | Reached skill level 5 in Armour
 29720 | D:14     | Offered knowledge of Spellforged Servitor by Vehumet.
 30261 | D:14     | Found a gate to the Vaults.
 30290 | D:15     | Entered Level 15 of the Dungeon
 30636 | D:15     | Reached XP level 16. HP: 96/96 MP: 17/33
 30639 | D:15     | Found a staircase to the Depths.
 30862 | D:15     | Reached skill level 5 in Fire Magic
 31085 | D:15     | Reached ****** piety under Vehumet
 31214 | D:15     | Found Nyurrouw's Assorted Antiques.
 31222 | D:15     | Bought 2 potions of haste for 520 gold pieces
 31281 | D:15     | Offered knowledge of Bolt of Fire by Vehumet.
 31855 | Snake:1  | Entered Level 1 of the Snake Pit
 32529 | Snake:1  | Reached skill level 5 in Shields
 32532 | Snake:1  | Reached skill level 10 in Fighting
 32563 | Snake:1  | Mangled by a naga warrior

Levels and vault maps discovered:
D:1:      dpeg_arrival_renting, layout_basic, hangedman_abyss_or_decor_stabs
D:2:      layout_loops_cross, doesnt_xom_only_xom, first_ration
D:3:      layout_rooms, old_standard_altar, grunt_decor_resistance, uniq_ijyb
D:4:      layout_basic, lemuel_blue_sif_altar
D:5:      layout_gridville, lemuel_crystal_altar, lemuel_round_altar
D:6:      layout_basic, yredelemnul_altar_generic, kennysheep_little_box,
          nicolae_overflow_crystal_walls, chequers_serial_rivers_micro_b,
          hex_large
D:7:      layout_basic, lemuel_doored_altar, temple_doors_cd, the_bakery
D:8:      layout_cave_pools, fedhas_altar_3, uniq_grum
D:9:      layout_stronghold, gammafunk_temple_overflow_claw, lair_entry_dummy
D:10:     layout_grid_maze, minmay_orc_entry_guard_dogs
D:11:     layout_loops_ring, serial_shops, shop_coins, serial_bayou_lagoon_a,
          uniq_gastronok
D:12:     layout_layer_cave
D:13:     layout_rooms, basic_altar
D:14:     layout_roguey, grunt_vaults_entry_fortified,
          infiniplex_staircase_pool_1
D:15:     gammafunk_enter_depths_forms, layout_loops_ring, serial_shops,
          nicolae_shop_overgrown_old_shop, glass_columns_b, st_stairs_6
Temple:   zaba_magenta_temple
Lair:1:   beast_lair_carwin_large_2, layout_loops_ring, disabler_island,
          lemuel_fruit_tree, minmay_lair_oklob_chamber, uniq_urug, uniq_joseph
Lair:2:   layout_loops_ring, minmay_swamp_entry_reptiles, gammafunk_ghost_hive
Lair:3:   layout_long_grid, eino_house_with_fridge
Lair:4:   pond_and_an_island_with_a_cottage, layout_regular_city,
          guppyfry_snake_entry_island, beast_lair_carwin_4
Lair:5:   layout_hall_layers, nicolae_slime_entry_slimehenge, grunt_megastairs_1
Lair:6:   gammafunk_lair_ancient_temple, layout_misc_corridors, uniq_nessos
Snake:1:  layout_grid_maze, serial_bayou_shore_b
Orc:1:    layout_caves, lemuel_statue_altar
Orc:2:    st_orc_mages, layout_caves, portal_ice_cave_entry_animals_and_master

Skill      XL: |  1  2  3  4  5  6  7  8  9 10 11 12 13 14 15 16 |
---------------+-------------------------------------------------+-----
Earth Magic    | 4 5 6 7 8 10 11 12 13 14 15 16 | 16.9
Spellcasting   | 3 4 5 6 7 8 9 10 11 12 13 | 13.4
Conjurations   | 1 3 4 6 7 9 10 11 12 13 14 | 14.2
Fighting       | 2 3 5 6 7 9 10 | 10.0
Maces & Flails | 1 3 4 5 7 8 9 |  9.2
Armour         | 2 4 5 6 |  6.0
Dodging        | 2 |  2.2
Fire Magic     | 3 4 5 |  5.3
Shields        | 2 4 5 |  5.0
Stealth        | |  2.1
Transmutations | |  0.7

Action                   |  1- 3 |  4- 6 |  7- 9 | 10-12 | 13-15 | 16-18 || total
-------------------------+-------+-------+-------+-------+-------+-------++-------
Melee: Unarmed           |    55 |       |       |       |       |       ||    55
       Whip              |   144 |   128 |       |       |       |       ||   272
       Mace              |       |     4 |   162 |   172 |   360 |       ||   698
       Flail             |       |       |       |       |   346 |   114 ||   460
Throw: Dart              |       |     3 |    12 |    17 |     5 |     5 ||    42
       Stone             |       |     1 |       |       |       |       ||     1
       Boomerang         |       |       |       |     8 |     3 |       ||    11
       Javelin           |       |       |       |       |     8 |       ||     8
       Throwing net      |       |       |       |       |     1 |       ||     1
 Cast: Sandblast         |    14 |    41 |    89 |    73 |   117 |       ||   334
       Lee's Rapid Decon |       |     1 |     8 |    49 |    94 |    24 ||   176
       Stone Arrow       |       |       |    16 |   223 |   281 |    24 ||   544
       Iron Shot         |       |       |       |       |   108 |    20 ||   128
       Bolt of Magma     |       |       |       |       |    71 |    13 ||    84
 Abil: Fly               |       |       |       |       |     1 |       ||     1
Evoke: Wand              |       |       |       |       |     1 |       ||     1
       Phial of floods   |       |       |       |       |     1 |       ||     1
  Use: Scroll            |       |     5 |     4 |     9 |    11 |     1 ||    30
       Potion            |       |       |       |     4 |     8 |       ||    12
 Stab: Sleeping          |     4 |       |     2 |       |     2 |       ||     8
       Distracted        |       |       |       |       |     1 |       ||     1
  Eat: Chunk             |     4 |     7 |    13 |    27 |    84 |     9 ||   144
       Ration            |       |       |       |     4 |     5 |     1 ||    10
Armor: Robe              |    83 |    62 |   108 |    51 |       |       ||   304
       Scale mail        |       |       |       |    81 |   158 |       ||   239
       Leather armour    |       |       |       |       |    69 |       ||    69
       Troll leather arm |       |       |       |       |   187 |    51 ||   238
Dodge: Dodged            |   161 |   126 |   143 |   203 |   507 |    51 ||  1191
Block: Shield            |       |       |       |       |   281 |    80 ||   361

Table legend:
 A = Non-vault XP
 B = Vault XP
 C = Vault XP percentage of total XP
 D = Non-vault monster count
 E = Vault monster count
 F = Vault count percentage of total count
                 A         B        C        D         E       F
            +---------+---------+-------+---------+---------+-------
      Total |  102995 |   50562 |  32.9 |     670 |     196 |  22.6
            +---------+---------+-------+---------+---------+-------
        D:1 |      20 |       0 |   0.0 |      10 |       0 |   0.0
        D:2 |      44 |       0 |   0.0 |      23 |       0 |   0.0
        D:3 |     108 |      36 |  25.0 |      28 |       1 |   3.4
        D:4 |     382 |       0 |   0.0 |      22 |       0 |   0.0
        D:5 |     606 |       0 |   0.0 |      18 |       0 |   0.0
        D:6 |    1225 |       0 |   0.0 |      36 |       0 |   0.0
        D:7 |    1217 |     459 |  27.4 |      33 |       3 |   8.3
        D:8 |    2090 |     309 |  12.9 |      22 |       2 |   8.3
        D:9 |    1998 |     166 |   7.7 |      23 |       1 |   4.2
       D:10 |    3948 |     331 |   7.7 |      37 |       2 |   5.1
       D:11 |    6009 |    2328 |  27.9 |      54 |       1 |   1.8
       D:12 |    3521 |       0 |   0.0 |      27 |       0 |   0.0
       D:13 |    9318 |       0 |   0.0 |      35 |       0 |   0.0
       D:14 |    4444 |    7064 |  61.4 |      18 |      10 |  35.7
       D:15 |   14914 |    5757 |  27.9 |      53 |      10 |  15.9
     Lair:1 |    2376 |    5870 |  71.2 |      12 |      18 |  60.0
     Lair:2 |    1909 |     377 |  16.5 |      11 |       4 |  26.7
     Lair:3 |    5701 |     813 |  12.5 |      26 |      12 |  31.6
     Lair:4 |    4198 |    2250 |  34.9 |      16 |      12 |  42.9
     Lair:5 |   10814 |    1280 |  10.6 |      34 |      12 |  26.1
     Lair:6 |   10662 |   11495 |  51.9 |      39 |      27 |  40.9
    Snake:1 |   11689 |       0 |   0.0 |      24 |       0 |   0.0
      Orc:1 |    1982 |     124 |   5.9 |      17 |       3 |  15.0
      Orc:2 |    3820 |    7140 |  65.1 |      52 |      53 |  50.5
      IceCv |       0 |    4763 | 100.0 |       0 |      25 | 100.0
            +---------+---------+-------+---------+---------+-------
